Map: Berlingrad LE

Players

A.I. 1 (Very Easy) - Winner!

  • Race: Protoss Protoss

TheCowboy

  • Race: Protoss Protoss
  • League: Grandmaster

VOD

Have the link to the VOD?

Description

Time

  • Played on: Dec. 4, 2021, 11:48 a.m.
  • Length: 5:00
Show
View Real Time Build Order
Export as new Build Order

A.I. 1 (Very Easy) Protoss - Winner!

Build Orders: 1 Gate Expand, Nexus First 

Get SALT Encoding   

  12  0:00  Probe  
  13  0:13  Probe  
  14  0:19  Pylon  
  14  0:42  Gateway  
  14  1:01  Nexus  
  14  1:20  Pylon  
  14  1:21  Zealot  
  14  1:23  Assimilator  
  16  1:35  Cybernetics Core  
  16  1:38  Probe  
  17  1:50  Probe  
  18  2:00  Assimilator  
  18  2:01  Probe  
  18  2:07  Stalker  
  19  2:09  Probe  
  22  2:17  Probe  
  22  2:21  Probe  
  23  2:26  Warp Gate  
  24  2:31  Probe  
  25  2:38  Probe  
  25  2:43  Zealot  
  26  2:53  Pylon  
  26  2:55  Probe  
  27  3:05  Probe  
  28  3:06  Stalker  
  28  3:10  Probe  
  29  3:19  Probe  
  32  3:22  Probe  
  33  3:33  Probe  
  34  3:34  Assimilator  
  34  3:41  Probe  
  30  3:43  Zealot  
  30  3:47  Robotics Facility  
  32  3:48  Probe  
  32  3:56  Probe  
  33  4:03  Probe  
  31  4:11  Probe  
  31  4:14  Probe  
  28  4:18  Zealot  
  29  4:25  Probe  
  29  4:28  Probe  
  30  4:35  Observer  
  32  4:39  Probe  
  33  4:47  Probe, Zealot  
Show
View Real Time Build Order
Export as new Build Order

TheCowboy Protoss 

Build Orders: 1 Gate Expand 

Get SALT Encoding   

  12  0:00  Probe  
  13  0:12  Probe  
  14  0:20  Pylon  
  14  0:25  Probe  
  15  0:38  Probe (Chrono Boost)  
  15  0:39  Gateway  
  17  0:50  Probe (Chrono Boost)  
  17  0:55  Probe (Chrono Boost)  
  18  1:16  Nexus  
  18  1:20  Pylon  
  18  1:25  Zealot  
  21  1:32  Assimilator  
  20  1:40  Cybernetics Core  
  20  1:42  Probe  
  21  1:53  Zealot (Chrono Boost)  
  21  1:54  Probe  
  24  2:04  Pylon  
  24  2:06  Probe  
  25  2:13  Stalker (Chrono Boost)  
  25  2:19  Probe  
  28  2:23  Shield Battery  
  28  2:28  Shield Battery  
  28  2:30  Probe  
  28  2:35  Stalker (Chrono Boost)  
  29  2:41  Probe  
  32  2:49  Shield Battery  
  33  2:57  Stalker  
  35  3:00  Shield Battery  
  35  3:04  Probe x2  
  36  3:13  Gateway  
  36  3:16  Probe  
  36  3:18  Probe  
  38  3:26  Shield Battery  
  38  3:28  Probe  
  38  3:34  Forge  
  40  3:42  Stalker (Chrono Boost)  
  40  3:45  Shield Battery  
  40  3:47  Probe  
  43  3:59  Gateway  
  43  4:02  Probe  
  43  4:03  Shield Battery  
  43  4:07  Stalker (Chrono Boost)  
  45  4:12  Stalker (Chrono Boost)  
  45  4:16  Probe x2  
  49  4:27  Shield Battery  
  49  4:28  Probe  
  49  4:29  Pylon  
  51  4:32  Stalker (Chrono Boost)  
  51  4:38  Photon Cannon  
  52  4:40  Probe  
  52  4:41  Probe  
Tags
 
Add a new tag
Caveats
  • Supply blocks, unpowered buildings, or Contaminate may cause inaccurate times.
  • Supply counts are checked every 10 seconds.